[Event "Titled Tuesday Blitz June 27 Early 2023"]
[White "Bryakin, Mikhail"]
[Black "Yeritsyan, Hayk"]
[WhiteFideId "4165314"]
[BlackFideId "13307320"]
[WhiteElo "2765"]
[BlackElo "2449"]
[Result "1-0"]
[Round "1"]
[TimeControl "180+2"]
[Date "2023.06.27"]
[WhiteClock "0:00:06"]
[BlackClock "0:00:01"]
[Board "89"]

1. e4 c6 2. d4 d5 3. e5 c5 4. Nf3 Nc6 5. dxc5 Bg4 6. c3 e6 7. Be3 Bxf3 8. Qxf3 Nxe5 9. Qf4 Nc6 10. Bb5 Nf6 11. O-O Be7 12. b4 O-O 13. Bxc6 bxc6 14. Nd2 Nd7 15. Qg3 Qb8 16. Nb3 Qxg3 17. hxg3 Bd8 18. a4 a6 19. f4 Rb8 20. Nd4 Rc8 21. Rfd1 Bf6 22. Rab1 Bxd4 23. Bxd4 Rb8 24. g4 Rb7 25. b5 axb5 26. axb5 Rxb5 27. Rxb5 cxb5 28. Rb1 Rc8 29. Rxb5 f6 30. g3 e5 31. Be3 Kf7 32. f5 h6 33. Kf1 Ke7 34. Ke2 Rc7 35. Kd3 Rc8 36. Ra5 Nb8 37. Ra7+ Kf8 38. Rb7 Nc6 39. Rd7 Ne7 40. Rd6 Ke8 41. Kc2 Rc6 42. Kb3 Rxd6 43. cxd6 Nc8 44. c4 dxc4+ 45. Kxc4 Nxd6+ 46. Kd5 Kd7 47. Bc5 Ne8 48. Bf8 Nc7+ 49. Ke4 Ne8 50. Kd5 Nc7+ 51. Kc5 Ne8 52. Kc4 Nd6+ 53. Kd5 Ne8 54. Kc5 Nc7 55. Bxg7 Ne8 56. Bxh6 Ke7 57. Kd5 Kf7 58. g5 fxg5 59. Bxg5 e4 60. Kxe4 Ng7 61. g4 Ne8 62. Ke5 Ng7 63. Bd2 Ne8 64. g5 Nc7 65. Bc3 Nb5 66. Bb2 Nc7 67. g6+ Kg7 68. Kd6+ 1-0


[Site "https://www.chess.com"]

[Event "Titled Tuesday Blitz June 27 Early 2023"]
[White "whiteglovethief"]
[Black "Kilic, Eray"]
[BlackFideId "44517173"]
[WhiteElo "2448"]
[BlackElo "2763"]
[Result "0-1"]
[Round "1"]
[TimeControl "180+2"]
[Date "2023.06.27"]
[WhiteClock "0:00:00"]
[BlackClock "0:01:06"]
[Board "90"]

1. d4 Nf6 2. c4 g6 3. Nc3 d5 4. cxd5 Nxd5 5. e4 Nxc3 6. bxc3 Bg7 7. Nf3 c5 8. Rb1 Qa5 9. Bb5+ Bd7 10. Bxd7+ Nxd7 11. O-O Nb6 12. dxc5 Qxc5 13. Be3 Qc7 14. Qb3 O-O 15. Bxb6 axb6 16. Qxb6 Qxc3 17. Qxb7 e6 18. Rfc1 Qa3 19. Rc2 h6 20. Rb3 Qa4 21. h3 Rfb8 22. Qxb8+ Rxb8 23. Rxb8+ Kh7 24. Re2 Qc4 25. Re1 Qxa2 26. e5 Qa7 27. Reb1 g5 28. R8b7 Qa2 29. R1b2 Qa5 30. R2b5 Qa1+ 31. Rb1 Qa2 32. R1b2 Qc4 33. R2b5 Kg6 34. g4 Bf8 35. Kg2 Qe4 36. Rc7 Bg7 37. Rbb7 Bxe5 38. Rxf7 Bf6 39. Rh7 Qd5 40. Rhd7 Qe4 41. Rb3 e5 42. Re3 Qc6 43. Ra7 e4 44. Nd2 Bd4 45. Re7 Bxe3 46. fxe3 Qd6 0-1


[Site "https://www.chess.com"]

[Event "Titled Tuesday Blitz June 27 Early 2023"]
[White "Halkias, Stelios"]
[Black "Andreev, Konstantin"]
[WhiteFideId "4201809"]
[BlackFideId "24239305"]
[WhiteElo "2761"]
[BlackElo "2446"]
[Result "1-0"]
[Round "1"]
[TimeControl "180+2"]
[Date "2023.06.27"]
[WhiteClock "0:01:10"]
[BlackClock "0:00:06"]
[Board "91"]

1. Nf3 Nf6 2. c4 e6 3. g3 d5 4. d4 Bb4+ 5. Nc3 O-O 6. Bg2 dxc4 7. O-O Nc6 8. Re1 Rb8 9. e4 a6 10. a3 Be7 11. Bf4 Nh5 12. Be3 Nf6 13. Qe2 Na5 14. Rab1 b5 15. Rbd1 Bb7 16. Ne5 Nd7 17. Nf3 Nf6 18. Ne5 Nd7 19. f4 Nxe5 20. fxe5 c5 21. d5 Nb3 22. Qg4 Kh8 23. d6 f5 24. exf5 exf5 25. Qh5 f4 26. Bxf4 Bxg2 27. Kxg2 Nd4 28. Nd5 Qd7 29. Nxe7 Qb7+ 30. Kh3 Qd7+ 31. Qg4 Qb7 32. Rxd4 cxd4 33. e6 d3 34. Be5 Rg8 35. Ng6+ 1-0


[Site "https://www.chess.com"]

[Event "Titled Tuesday Blitz June 27 Early 2023"]
[White "Miszler, Levente"]
[Black "Hayrapetyan, Hovik"]
[WhiteFideId "763276"]
[BlackFideId "13302639"]
[WhiteElo "2446"]
[BlackElo "2758"]
[Result "0-1"]
[Round "1"]
[TimeControl "180+2"]
[Date "2023.06.27"]
[WhiteClock "0:00:02"]
[BlackClock "0:00:39"]
[Board "92"]

1. Nf3 Nf6 2. c4 e6 3. g3 d5 4. Bg2 Be7 5. O-O O-O 6. b3 d4 7. Bb2 c5 8. e3 Nc6 9. exd4 cxd4 10. Re1 a5 11. a3 Bc5 12. Ne5 Nxe5 13. Rxe5 Nd7 14. Re1 e5 15. d3 Bd6 16. Nd2 Nc5 17. Ne4 Nxe4 18. Bxe4 Be6 19. Qf3 Qd7 20. Bxb7 Rab8 21. Bc6 Qc7 22. b4 axb4 23. axb4 Bxb4 24. Reb1 Bc3 25. Bxc3 dxc3 26. Rc1 Rb3 27. Ba4 Rb2 28. Rxc3 Qa7 29. Rca3 Bh3 30. Bd1 Qd4 31. Ra8 h6 32. Rxf8+ Kxf8 33. Qa8+ Ke7 34. Ra7+ Bd7 35. Rxd7+ Kxd7 36. Bg4+ Ke7 37. Qa3+ Kf6 38. Qa6+ Kg5 39. h4+ Kxg4 40. Qc8+ f5 41. Qc6 Qxf2+ 42. Kh1 Qh2# 0-1


[Site "https://www.chess.com"]

[Event "Titled Tuesday Blitz June 27 Early 2023"]
[White "Boruchovsky, Avital"]
[Black "Mazurkiewicz, Michal"]
[WhiteFideId "2800055"]
[BlackFideId "1124943"]
[WhiteElo "2750"]
[BlackElo "2446"]
[Result "0-1"]
[Round "1"]
[TimeControl "180+2"]
[Date "2023.06.27"]
[WhiteClock "0:00:00"]
[BlackClock "0:00:13"]
[Board "93"]

1. d4 Nf6 2. Nc3 d5 3. Bg5 e6 4. e4 Be7 5. e5 Nfd7 6. Bxe7 Qxe7 7. f4 a6 8. Nf3 c5 9. Qd2 Nc6 10. O-O-O b5 11. g4 b4 12. Ne2 c4 13. c3 a5 14. f5 Nb6 15. Kb1 exf5 16. gxf5 Bxf5+ 17. Ka1 Be4 18. Bg2 O-O 19. Ng3 Bg6 20. h4 h5 21. Qg5 bxc3 22. bxc3 Qa3 23. Qc1 Qe7 24. Ng5 Rab8 25. Rhf1 Na4 26. Bxd5 Rb1+ 27. Qxb1 Bxb1 28. Nxf7 Rxf7 29. Rxf7 Qa3 30. Rf5+ Kh8 31. Rxh5+ Bh7 0-1


[Site "https://www.chess.com"]

[Event "Titled Tuesday Blitz June 27 Early 2023"]
[White "Zheenbekov, Nurgazy"]
[Black "Panesar Vedant"]
[WhiteFideId "13800485"]
[BlackFideId "35033018"]
[WhiteElo "2445"]
[BlackElo "2748"]
[Result "0-1"]
[Round "1"]
[TimeControl "180+2"]
[Date "2023.06.27"]
[WhiteClock "0:00:00"]
[BlackClock "0:01:45"]
[Board "94"]

1. e4 c5 2. Nf3 d6 3. Bb5+ Nd7 4. a4 a6 5. Bc4 Ngf6 6. a5 e6 7. O-O Nxe4 8. d3 Nef6 9. Re1 d5 10. Bb3 Bd6 11. Nbd2 Bc7 12. Nf1 Bxa5 13. c3 O-O 14. Ng3 Bc7 15. d4 cxd4 16. cxd4 b5 17. Bc2 Bb7 18. Ne5 Nxe5 19. dxe5 Ne4 20. Qg4 Bxe5 21. Qe2 f5 0-1


[Site "https://www.chess.com"]

[Event "Titled Tuesday Blitz June 27 Early 2023"]
[White "Kislinsky, Alexey"]
[Black "Abdilkhair, Abilmansur"]
[WhiteFideId "14108801"]
[BlackFideId "13716417"]
[WhiteElo "2746"]
[BlackElo "2443"]
[Result "1-0"]
[Round "1"]
[TimeControl "180+2"]
[Date "2023.06.27"]
[WhiteClock "0:00:27"]
[BlackClock "0:00:00"]
[Board "95"]

1. e4 c6 2. d4 d5 3. exd5 cxd5 4. c4 Nf6 5. Nc3 Nc6 6. Nf3 e6 7. a3 Ne4 8. Bd3 Nxc3 9. bxc3 dxc4 10. Bxc4 Be7 11. O-O O-O 12. Qd3 Na5 13. Ba2 b6 14. Re1 Bb7 15. Ne5 Rc8 16. Bd2 Bf6 17. Rad1 Nc6 18. Ng4 Bg5 19. Bb1 g6 20. f4 Bh4 21. Re2 h5 22. Ne5 Nxe5 23. fxe5 Bg5 24. Rf1 Bxd2 25. Rxd2 Qg5 26. Rdf2 Rc7 27. c4 Rd7 28. h4 Qxh4 29. d5 Qg5 30. Rf6 Qxe5 31. Qd2 exd5 32. Qh6 dxc4 33. Rxg6+ 1-0


[Site "https://www.chess.com"]

[Event "Titled Tuesday Blitz June 27 Early 2023"]
[White "Titichoca Daza, Daniel"]
[Black "Xu, Yi"]
[WhiteFideId "3309550"]
[BlackFideId "8605564"]
[WhiteElo "2443"]
[BlackElo "2745"]
[Result "0-1"]
[Round "1"]
[TimeControl "180+2"]
[Date "2023.06.27"]
[WhiteClock "0:00:00"]
[BlackClock "0:00:21"]
[Board "96"]

1. e4 c5 2. Nf3 d6 3. d4 cxd4 4. Nxd4 Nf6 5. Nc3 a6 6. h3 e5 7. Nde2 h5 8. Bg5 Be6 9. g3 Nbd7 10. Bg2 b5 11. O-O Be7 12. Nd5 Nxd5 13. exd5 Bf5 14. Be3 Nf6 15. a4 bxa4 16. c4 Qc8 17. Kh2 Qxc4 18. Rxa4 Qc8 19. Qb3 Bc2 20. Qa3 Bxa4 21. Qxa4+ Qd7 22. Qd1 O-O 23. Nc3 Rab8 24. Qe2 Rfc8 25. f4 Rb4 26. fxe5 dxe5 27. Bc1 Qd6 28. Bg5 Qb8 29. Bxf6 Bxf6 30. Ne4 Rxb2 31. Qxh5 Rcc2 32. Nxf6+ gxf6 33. Qg4+ Kf8 0-1


[Site "https://www.chess.com"]

[Event "Titled Tuesday Blitz June 27 Early 2023"]
[White "Tanenbaum, Zachary"]
[Black "Rios Escobar, Adan"]
[WhiteFideId "2060850"]
[BlackFideId "3403645"]
[WhiteElo "2745"]
[BlackElo "2441"]
[Result "1-0"]
[Round "1"]
[TimeControl "180+2"]
[Date "2023.06.27"]
[WhiteClock "0:00:06"]
[BlackClock "0:00:01"]
[Board "97"]

1. e4 c5 2. Nf3 d6 3. d4 cxd4 4. Nxd4 Nf6 5. Nc3 a6 6. Be3 e5 7. Nb3 Be7 8. h3 Be6 9. Qf3 O-O 10. O-O-O a5 11. a4 Na6 12. Kb1 Rc8 13. g4 Nb4 14. g5 Nd7 15. h4 Qc7 16. Bh3 Nc5 17. Nxc5 dxc5 18. Bxe6 fxe6 19. Qg4 Qc6 20. g6 h6 21. Qh5 Bf6 22. Rhg1 Qe8 23. Nb5 Rc6 24. b3 Rb6 25. Nd6 Qe7 26. Bxc5 Rc6 27. Bxb4 axb4 28. Nf7 b5 29. a5 Ra6 30. Kb2 Rxa5 31. Ra1 Rfa8 32. Rxa5 Rxa5 33. Rd1 Qa7 34. Kc1 Qxf2 35. Rd3 Ra1+ 36. Kb2 Ra8 37. Nxh6+ gxh6 38. Qxh6 Bg7 39. Qh7+ Kf8 40. Rd7 Qe1 41. Rf7+ Ke8 42. Qg8+ Bf8 43. Qxf8# 1-0


[Site "https://www.chess.com"]

[Event "Titled Tuesday Blitz June 27 Early 2023"]
[White "LangesNasenhaar"]
[Black "Klukin, Kirill"]
[BlackFideId "24199273"]
[WhiteElo "2440"]
[BlackElo "2743"]
[Result "1-0"]
[Round "1"]
[TimeControl "180+2"]
[Date "2023.06.27"]
[WhiteClock "0:00:08"]
[BlackClock "0:00:06"]
[Board "98"]

1. d4 Nf6 2. Nc3 d5 3. Bf4 a6 4. e3 e6 5. Nf3 c5 6. a3 Nc6 7. Ne5 Bd7 8. Bd3 b5 9. O-O Qb6 10. dxc5 Bxc5 11. e4 Bd4 12. Nxd7 Nxd7 13. exd5 Nce5 14. dxe6 Qxe6 15. Nxb5 axb5 16. Bxb5 Bxb2 17. Rb1 O-O 18. Rxb2 Nc4 19. Rb4 Ndb6 20. a4 Qf6 21. Qf3 Ne5 22. Qg3 Ng6 23. Bg5 Qe6 24. h4 Nd5 25. Rg4 h5 26. Rd4 Nf6 27. Bc4 Qc6 28. Bxf6 Qxf6 29. Rd6 Qf4 30. Rxg6 Qxc4 31. Rxg7+ Kh8 32. Qg5 Ra6 33. Re1 Qxc2 34. Re5 Rg6 35. Rxg6 fxg6 36. Qe3 Qd1+ 37. Kh2 Qxa4 38. Qh6+ Kg8 39. Qxg6+ Kh8 40. Rxh5# 1-0


[Site "https://www.chess.com"]

[Event "Titled Tuesday Blitz June 27 Early 2023"]
[White "Lorparizangeneh, Shahin"]
[Black "Pandey Srishti"]
[WhiteFideId "12521604"]
[BlackFideId "35093290"]
[WhiteElo "2737"]
[BlackElo "2440"]
[Result "1-0"]
[Round "1"]
[TimeControl "180+2"]
[Date "2023.06.27"]
[WhiteClock "0:01:19"]
[BlackClock "0:00:08"]
[Board "99"]

1. e4 e5 2. Nf3 Nc6 3. Bb5 a6 4. Ba4 Nf6 5. O-O b5 6. Bb3 Bc5 7. d3 d6 8. a4 Rb8 9. c3 O-O 10. Nbd2 Bb6 11. h3 Ne7 12. Re1 Ng6 13. Nf1 h6 14. Ng3 Be6 15. Bc2 Qd7 16. d4 Rfd8 17. Be3 exd4 18. Nxd4 c5 19. Ndf5 Bxf5 20. Nxf5 Ne7 21. axb5 Nxf5 22. exf5 axb5 23. Qf3 c4 24. Rad1 Bxe3 25. Rxe3 d5 26. Qf4 Qd6 27. Qd4 Qb6 28. Qh4 b4 29. Rg3 Nh7 30. Rd4 Qf6 31. Qh5 bxc3 32. bxc3 Rb2 33. Bd1 Ng5 34. Rdg4 Qxf5 35. h4 Nh3+ 36. Kh2 Qxh5 37. Rxg7+ Kf8 38. Bxh5 Nxf2 39. Rxf7+ Ke8 40. Rg8# 1-0


[Site "https://www.chess.com"]

[Event "Titled Tuesday Blitz June 27 Early 2023"]
[White "Grossboss19"]
[Black "Goltsev, Dmitry"]
[BlackFideId "24176710"]
[WhiteElo "2438"]
[BlackElo "2735"]
[Result "1/2-1/2"]
[Round "1"]
[TimeControl "180+2"]
[Date "2023.06.27"]
[WhiteClock "0:00:08"]
[BlackClock "0:00:08"]
[Board "100"]

1. e4 e6 2. Nf3 d5 3. Nc3 Nf6 4. Bd3 c5 5. exd5 exd5 6. O-O Be7 7. Bb5+ Nc6 8. d4 O-O 9. dxc5 Bxc5 10. Bg5 Bg4 11. Bxf6 Qxf6 12. Nxd5 Qxb2 13. Rb1 Qxa2 14. h3 Bxf3 15. Qxf3 Nd4 16. Qe4 f5 17. Ne7+ Kh8 18. Qe5 Bxe7 19. Qxe7 Rf7 20. Qc5 Nxb5 21. Rxb5 h6 22. Rfb1 Qe6 23. Rxb7 Rxb7 24. Rxb7 a5 25. Rb3 a4 26. Ra3 Rc8 27. Qd4 Rxc2 28. Rxa4 Qe1+ 29. Kh2 Qxf2 30. Qxf2 Rxf2 31. Kg3 Rf1 32. h4 Kh7 33. Ra6 Rb1 34. Kf4 Rf1+ 35. Kg3 Kg8 36. Ra7 Rb1 37. Kf4 Rb5 38. h5 Rb4+ 39. Kxf5 Rb5+ 40. Kf4 Rxh5 41. Rb7 Rg5 42. g3 Kh7 43. Ra7 Kg6 44. Ra6+ Kh5 45. Ra1 Rg4+ 46. Kf3 Rb4 47. Ra5+ g5 48. Ra6 Rb3+ 49. Kf2 Rd3 50. Rb6 Rd2+ 51. Ke3 Rd8 52. Kf3 Rf8+ 53. Kg2 Kg4 54. Rxh6 Rf3 55. Rh3 Ra3 56. Rh2 Ra1 57. Kf2 Ra2+ 58. Kg1 Ra3 59. Rg2 Kh3 60. Rh2+ Kxg3 61. Rg2+ Kf4 62. Rf2+ Ke5 63. Kg2 Ke4 64. Re2+ Kf4 65. Rf2+ Kg4 66. Rb2 Ra4 67. Rc2 Rf4 68. Rb2 Rc4 69. Ra2 Kh4 70. Rd2 Rg4+ 71. Kh2 Rg3 72. Rd4+ g4 73. Rd8 Rf3 74. Rh8+ Kg5 75. Rg8+ Kf4 76. Kg2 Rg3+ 77. Kf2 Ra3 78. Rf8+ Kg5 79. Rg8+ Kf5 80. Rf8+ Ke4 81. Re8+ Kf5 82. Rf8+ Ke6 83. Kg2 Rb3 84. Rf4 g3 85. Rf3 Rb2+ 86. Kxg3 Ke5 87. Re3+ Kf5 88. Rf3+ Kg5 89. Rd3 Rb5 90. Rc3 Rd5 91. Kf3 Kf6 92. Ke4 Rh5 93. Kd4 Ke6 94. Rg3 Rh4+ 95. Ke3 Kf5 96. Rf3+ Ke5 97. Rg3 Re4+ 98. Kf3 Kf5 99. Rg5+ Kxg5 100. Kxe4 1/2-1/2


[Site "https://www.chess.com"]

[Event "Titled Tuesday Blitz June 27 Early 2023"]
[White "Mahdavi, Reza"]
[Black "KorolDimitriy75"]
[WhiteFideId "12595926"]
[WhiteElo "2735"]
[BlackElo "2437"]
[Result "1-0"]
[Round "1"]
[TimeControl "180+2"]
[Date "2023.06.27"]
[WhiteClock "0:01:36"]
[BlackClock "0:00:03"]
[Board "101"]

1. e4 c5 2. Nf3 d6 3. d4 cxd4 4. Qxd4 a6 5. Be2 Nc6 6. Qe3 g6 7. h3 Bg7 8. O-O Nf6 9. c4 O-O 10. Nc3 Nd7 11. b3 Nc5 12. Bb2 Bd7 13. Rfd1 Qa5 14. Rab1 Rfc8 15. Nd5 Bxb2 16. Rxb2 Qd8 17. b4 Na4 18. Rbd2 Be6 19. Qh6 Qf8 20. Qe3 Bxd5 21. exd5 Nxb4 22. Qb3 Nxa2 23. Rxa2 Nc5 24. Qe3 a5 25. Rb1 a4 26. Bd1 Ra7 27. Nd4 Qd8 28. Nb5 Ra6 29. Rba1 Rca8 30. Nc3 a3 31. Nb5 1-0


[Site "https://www.chess.com"]

[Event "Titled Tuesday Blitz June 27 Early 2023"]
[White "Herman, Daniel"]
[Black "gau_npukyputb"]
[WhiteFideId "30935008"]
[WhiteElo "2435"]
[BlackElo "2733"]
[Result "0-1"]
[Round "1"]
[TimeControl "180+2"]
[Date "2023.06.27"]
[WhiteClock "0:00:38"]
[BlackClock "0:01:57"]
[Board "102"]

1. c4 c5 2. Nf3 b6 3. d4 cxd4 4. Nxd4 Bb7 5. Nc3 e6 6. a3 d6 7. e4 a6 8. Be3 Nd7 9. f3 Rc8 10. Be2 Ne5 11. Qb3 Qc7 12. Rc1 Nf6 13. O-O Be7 14. Qa2 O-O 15. b3 Qb8 16. Rfd1 h6 17. Qd2 Rfd8 18. Qe1 d5 19. exd5 exd5 20. Nf5 Bxa3 21. Bxh6 gxh6 22. Qg3+ Ng6 23. Qh3 Bxc1 24. Rxc1 Qf4 25. Nxh6+ Kf8 26. Nf5 Qxc1+ 0-1


[Site "https://www.chess.com"]

[Event "Titled Tuesday Blitz June 27 Early 2023"]
[White "Morefield, Jason"]
[Black "Rom, Jasper"]
[WhiteFideId "30920825"]
[BlackFideId "2023733"]
[WhiteElo "2732"]
[BlackElo "2435"]
[Result "1-0"]
[Round "1"]
[TimeControl "180+2"]
[Date "2023.06.27"]
[WhiteClock "0:00:05"]
[BlackClock "0:00:00"]
[Board "103"]

1. e4 e6 2. d4 d5 3. Nc3 Nf6 4. e5 Nfd7 5. f4 c5 6. Nf3 Nc6 7. Be3 Be7 8. Qd2 O-O 9. Bd3 a6 10. O-O b5 11. a3 Qc7 12. Kh1 Bb7 13. Rae1 Na5 14. dxc5 Nc4 15. Bxc4 dxc4 16. a4 b4 17. Ne2 Nxc5 18. Ned4 g6 19. b3 Ne4 20. Qd1 Rac8 21. Nd2 Rfd8 22. Nxc4 Bd5 23. Nd2 Nxd2 24. Qxd2 Bb7 25. Qf2 Qc3 26. Rd1 Bc5 27. Rd3 Qb2 28. Ne2 Bxe3 29. Qxe3 Qxc2 30. Rxd8+ Rxd8 31. h3 Rd2 32. Rf2 Rd3 33. Qb6 Qc6 34. Qxb4 Rd1+ 35. Kh2 Rd8 36. Qc3 Qd5 37. Qg3 h5 38. f5 exf5 39. Rxf5 Qd3 40. Qxd3 Rxd3 41. Rf6 Rxb3 42. e6 Bd5 43. exf7+ Bxf7 44. Rxa6 Rb2 45. Nf4 g5 46. Nd3 Rd2 47. Ne5 Bd5 48. Rg6+ Kf8 49. Rxg5 h4 50. Ng6+ Kf7 51. Nxh4 Kf6 52. Rg3 Ke5 53. Nf3+ Bxf3 54. Rxf3 Ra2 55. Re3+ Kf4 56. Rg3 Kf5 57. Rg4 Ra3 58. Rb4 Ra2 59. h4 Ra3 60. g3 Ra2+ 61. Kh3 Ra1 62. Rb5+ Kf6 63. a5 Kg6 64. Rb6+ Kf5 65. a6 Rh1+ 66. Kg2 Ra1 67. h5 Kg4 68. h6 Ra2+ 69. Kf1 Ra1+ 70. Ke2 Ra2+ 71. Kd3 Ra3+ 72. Kc4 1-0


[Site "https://www.chess.com"]

[Event "Titled Tuesday Blitz June 27 Early 2023"]
[White "Itkis, Boris"]
[Black "Renjith, Sravan"]
[WhiteFideId "1209167"]
[BlackFideId "4306783"]
[WhiteElo "2428"]
[BlackElo "2729"]
[Result "0-1"]
[Round "1"]
[TimeControl "180+2"]
[Date "2023.06.27"]
[WhiteClock "0:01:32"]
[BlackClock "0:02:02"]
[Board "104"]

1. c4 Nf6 2. Nf3 e6 3. e3 d5 4. b3 c5 5. Bb2 Nc6 6. cxd5 exd5 7. Bb5 Be7 8. O-O O-O 9. d4 a6 10. Bxc6 bxc6 11. Nbd2 Rb8 12. dxc5 Bxc5 13. Rc1 Qe7 14. Bxf6 gxf6 15. Nd4 Bxd4 16. exd4 Bd7 17. Re1 Qd6 18. Nf3 Kh8 19. Qd3 Rg8 20. Re3 Rg6 21. Nh4 Rg4 22. Nf5 Qf4 23. Rf3 Qxc1+ 0-1


[Site "https://www.chess.com"]

[Event "Titled Tuesday Blitz June 27 Early 2023"]
[White "Atakhan, Abtin"]
[Black "LeoLV10"]
[WhiteFideId "22502203"]
[WhiteElo "2729"]
[BlackElo "2424"]
[Result "1/2-1/2"]
[Round "1"]
[TimeControl "180+2"]
[Date "2023.06.27"]
[WhiteClock "0:00:03"]
[BlackClock "0:00:09"]
[Board "105"]

1. Nf3 d5 2. g3 Nf6 3. Bg2 g6 4. b3 Bg7 5. Bb2 O-O 6. c4 c6 7. O-O Re8 8. d4 Nbd7 9. cxd5 cxd5 10. Nc3 a6 11. Ne5 e6 12. f4 Nb6 13. Ba3 Bd7 14. Rc1 Rc8 15. Qd2 Bc6 16. Bb4 Nbd7 17. Kh1 Nxe5 18. fxe5 Ne4 19. Nxe4 dxe4 20. Bd6 f5 21. exf6 Bxf6 22. e3 Kg7 23. Rxf6 Kxf6 24. Be5+ Ke7 25. Qb4+ Kf7 26. Rf1+ Kg8 27. Bh3 Bd5 28. Qd2 Rf8 29. Re1 Rf3 30. Bg2 Rf7 31. h4 Qf8 32. Kg1 Qe7 33. Rc1 Rcf8 34. Rc7 Qe8 35. Rxf7 Qxf7 36. Qc2 h5 37. Bf4 Qf5 38. Kh2 Kh7 39. Qc7+ Qf7 40. Qd6 Rc8 41. Qe5 Rc2 42. a4 Bxb3 43. a5 Bd5 44. Kg1 Qe7 45. Qb8 Qb4 46. Be5 Qe1+ 47. Kh2 Rxg2+ 48. Kxg2 Qe2+ 49. Kh3 Qf1+ 50. Kh2 Qf2+ 51. Kh1 Qf1+ 52. Kh2 Qf2+ 53. Kh1 Qe1+ 54. Kg2 Qe2+ 55. Kh3 Qg4+ 56. Kh2 Qe2+ 57. Kh3 1/2-1/2


[Site "https://www.chess.com"]

[Event "Titled Tuesday Blitz June 27 Early 2023"]
[White "Bochnicka, Vladimir"]
[Black "Aradhya, Garg"]
[WhiteFideId "14943450"]
[BlackFideId "25006746"]
[WhiteElo "2424"]
[BlackElo "2728"]
[Result "0-1"]
[Round "1"]
[TimeControl "180+2"]
[Date "2023.06.27"]
[WhiteClock "0:00:08"]
[BlackClock "0:01:18"]
[Board "106"]

1. e4 e5 2. Nf3 Nc6 3. Bc4 Nf6 4. d3 h6 5. c3 Bc5 6. Nbd2 O-O 7. Nf1 d5 8. exd5 Nxd5 9. Ng3 Be6 10. O-O Re8 11. Re1 Nb6 12. Bxe6 Rxe6 13. b4 Bd6 14. b5 Ne7 15. c4 c5 16. Bb2 Ng6 17. a4 Nd7 18. a5 Nf4 19. Nf5 Bc7 20. b6 axb6 21. axb6 Rxb6 22. Rxa8 Qxa8 23. Bxe5 Nxe5 24. Nxe5 Re6 25. Qg4 Bxe5 26. g3 Ng6 27. h4 Qb8 28. h5 Ne7 29. Ne3 Bd4 30. Kg2 Qd6 31. Re2 Bxe3 32. Rxe3 Rxe3 33. fxe3 0-1


[Site "https://www.chess.com"]

[Event "Titled Tuesday Blitz June 27 Early 2023"]
[White "Csonka, Balazs"]
[Black "Large, Peter G"]
[WhiteFideId "742910"]
[BlackFideId "400866"]
[WhiteElo "2727"]
[BlackElo "2421"]
[Result "1-0"]
[Round "1"]
[TimeControl "180+2"]
[Date "2023.06.27"]
[WhiteClock "0:00:12"]
[BlackClock "0:00:00"]
[Board "107"]

1. d4 e6 2. e4 d5 3. e5 Ne7 4. Nd2 b6 5. c3 Qd7 6. h4 h5 7. Ndf3 Ba6 8. Bxa6 Nxa6 9. Ne2 Nf5 10. Ng3 Nxg3 11. fxg3 c5 12. O-O Be7 13. Bg5 f6 14. exf6 gxf6 15. Bf4 O-O-O 16. Qe2 Nc7 17. Bxc7 Kxc7 18. Rae1 Bd6 19. Qxe6 Bxg3 20. Re2 Rde8 21. Qxf6 Rhf8 22. Qh6 Rxe2 23. Qxf8 Qg4 24. Kh1 Rxg2 25. Qe7+ Kc6 26. Qe8+ Kb7 27. Kxg2 Bf4+ 28. Kf2 Qg3+ 29. Ke2 Qg2+ 30. Rf2 Qh1 31. Qd7+ Ka6 32. Qa4+ Kb7 33. Qd7+ Ka6 34. Qxd5 Qc1 35. Qe4 1-0


[Site "https://www.chess.com"]

[Event "Titled Tuesday Blitz June 27 Early 2023"]
[White "Srdanovic, Jovana"]
[Black "Lortkipanidze, Nodar"]
[WhiteFideId "954810"]
[BlackFideId "13604058"]
[WhiteElo "2421"]
[BlackElo "2724"]
[Result "0-1"]
[Round "1"]
[TimeControl "180+2"]
[Date "2023.06.27"]
[WhiteClock "0:00:05"]
[BlackClock "0:00:16"]
[Board "108"]

1. d4 e6 2. c4 b6 3. f3 Bb7 4. Nc3 f5 5. d5 Qh4+ 6. g3 Qxc4 7. e4 Qc5 8. Bf4 Nf6 9. Nb5 Na6 10. Rc1 Qb4+ 11. Bd2 Qxb2 12. Rc2 Qxc2 13. Qxc2 Bc5 14. Nh3 fxe4 15. fxe4 exd5 16. e5 Ne4 17. Bg2 O-O-O 18. Nxa7+ Kb8 19. Nb5 Rde8 20. Kd1 Rhf8 21. Re1 h6 22. Nf4 g5 23. Nd3 Nf2+ 24. Nxf2 Rxf2 25. Bh3 Nb4 26. Qg6 Rd8 27. Rf1 Rxh2 28. Bxd7 Rxd7 29. Qe8+ Bc8 30. Rf7 Rxf7 31. Qxf7 Na6 32. e6 Rf2 33. Qg6 Rf8 34. Qg7 Re8 35. Qxh6 Rxe6 36. Qxg5 Re4 37. Bf4 Re8 38. Qxd5 Bb7 39. Qd7 Rc8 40. g4 Bf3+ 41. Ke1 Kb7 42. g5 Bc6 43. Qe6 Bxb5 44. g6 Re8 45. Qe7 Rxe7+ 0-1


[Site "https://www.chess.com"]

[Event "Titled Tuesday Blitz June 27 Early 2023"]
[White "Quintiliano Pinto, Renato R."]
[Black "Lima, Kleyton Alcantara"]
[WhiteFideId "2117568"]
[BlackFideId "22718397"]
[WhiteElo "2724"]
[BlackElo "2420"]
[Result "1-0"]
[Round "1"]
[TimeControl "180+2"]
[Date "2023.06.27"]
[WhiteClock "0:02:05"]
[BlackClock "0:01:57"]
[Board "109"]

1. Nf3 d5 2. b3 Nf6 3. Bb2 g6 4. c4 c6 5. g3 Bg7 6. Bg2 O-O 7. O-O Bg4 8. d3 Nbd7 9. Nbd2 Re8 10. h3 Bxf3 11. Bxf3 e5 12. Bg2 Qe7 13. Rc1 d4 14. a3 a5 15. Qc2 Rad8 16. c5 Nd5 17. Ne4 f5 18. Nd6 Rf8 19. Nxb7 Rb8 20. Nxa5 Bh6 21. Nxc6 1-0


[Site "https://www.chess.com"]

[Event "Titled Tuesday Blitz June 27 Early 2023"]
[White "Rangel, Daniel"]
[Black "splendidkid"]
[WhiteFideId "2124475"]
[WhiteElo "2419"]
[BlackElo "2722"]
[Result "0-1"]
[Round "1"]
[TimeControl "180+2"]
[Date "2023.06.27"]
[WhiteClock "0:00:10"]
[BlackClock "0:00:31"]
[Board "110"]

1. c4 Nf6 2. g3 g6 3. Bg2 Bg7 4. Nc3 d6 5. e3 O-O 6. Nge2 Nbd7 7. O-O e5 8. Rb1 Re8 9. b4 a5 10. b5 e4 11. Qc2 Nc5 12. Nf4 Bf5 13. Bb2 h5 14. Ncd5 h4 15. Nxf6+ Bxf6 16. Nd5 Be5 17. b6 cxb6 18. Nxb6 Ra6 19. Nd5 Be6 20. Bxe5 dxe5 21. Bxe4 Nxe4 22. Qxe4 Bf5 23. Qf3 Bxb1 24. Rxb1 Kg7 25. Rxb7 Rf8 26. Kg2 h3+ 27. Kf1 Qc8 28. Rc7 Qb8 29. Qe4 Qb2 30. Ke2 Re6 31. Qg4 Rd6 32. Qxh3 Qc2 33. Rc5 Rxd5 34. Rxd5 Qxc4+ 35. Rd3 e4 36. Qd7 exd3+ 37. Qxd3 Qxa2 38. Qd4+ Kg8 39. h4 Rc8 40. h5 Qc4+ 41. Qxc4 Rxc4 42. hxg6 fxg6 43. d4 a4 44. Kd3 Rc8 45. e4 a3 46. d5 a2 47. e5 a1=Q 48. d6 Qd1+ 49. Ke4 Rc2 50. f4 Re2+ 51. Kf3 Qd3+ 52. Kg4 Rg2 53. d7 Rxg3+ 54. Kh4 Rh3+ 55. Kg5 Qf5# 0-1


[Site "https://www.chess.com"]

[Event "Titled Tuesday Blitz June 27 Early 2023"]
[White "Cherniaiev, Tykhon"]
[Black "Mika, Tomasz"]
[WhiteFideId "14182360"]
[BlackFideId "1132970"]
[WhiteElo "2717"]
[BlackElo "2419"]
[Result "0-1"]
[Round "1"]
[TimeControl "180+2"]
[Date "2023.06.27"]
[WhiteClock "0:00:00"]
[BlackClock "0:00:06"]
[Board "111"]

1. Nf3 d5 2. d4 Nf6 3. c4 e6 4. Nc3 Bb4 5. Bg5 h6 6. Bxf6 Qxf6 7. cxd5 exd5 8. Qa4+ Nc6 9. e3 O-O 10. Be2 Bd7 11. O-O Be6 12. a3 Be7 13. Qb5 Rfd8 14. Qxb7 Na5 15. Qxc7 Nc4 16. Bxc4 dxc4 17. d5 Bg4 18. Ne5 Bd6 19. Nxg4 Qh4 20. Qc6 Rac8 21. Qa4 Qxg4 22. Qc2 Qh4 23. h3 Re8 24. Rad1 Re5 25. Rd4 Qe7 26. Re4 f5 27. Rxe5 Qxe5 28. g3 h5 29. Qd1 h4 30. Qd4 hxg3 31. Qxe5 Bxe5 32. fxg3 g6 33. Kg2 Rb8 34. Rf2 Rb3 35. Na4 Rxe3 36. g4 Rg3+ 37. Kf1 f4 38. Nc5 Rxh3 39. Kg2 Rg3+ 40. Kf1 Bd4 41. Rxf4 Bxc5 42. Rxc4 Bb6 43. a4 Rf3+ 44. Ke1 Re3+ 45. Kd2 Re5 0-1


[Site "https://www.chess.com"]